 Dungeon Crawl Stone Soup version 0.27-b1-42-g19c61b19a5 (webtiles) character file.

Game seed: 16689931206887418610

93 Descartes the Gusty (level 4, -6/24 HPs)
             Began as a Tengu Air Elementalist on July 29, 2021.
             Killed from afar by Sigmund (8 damage)
             ... with a magic dart
             ... on level 2 of the Dungeon.
             The game lasted 00:16:36 (3313 turns).

Descartes the Gusty (Tengu Air Elementalist)        Turns: 3313, Time: 00:16:36

Health: -6/24      AC:  2    Str:  8    XL:     4   Next: 61%
Magic:  8/8        EV: 13    Int: 17    God:
Gold:   102        SH:  0    Dex: 14    Spells: 7/8 levels left

rFire    . . .     SeeInvis .   (no weapon)
rCold    . . .     Faith    .   (no shield)
rNeg     . . .     Spirit   .   a - +0 robe
rPois    .         Reflect  .   (helmet restricted)
rElec    .         Harm     .   (no cloak)
rCorr    .         Rampage  .   (no gloves)
Will     .....                  (boots unavailable)
Stlth    ++........             (no amulet)
HPRegen  0.08/turn              (no ring)
MPRegen  0.11/turn              (no ring)

@: no status effects
A: beak, talons 3
a: no special abilities


You were on level 2 of the Dungeon.
You visited 1 branch of the dungeon, and saw 3 of its levels.

You collected 102 gold pieces.

Inventory:

Missiles
 c - 82 stones
 d - 19 bolts
 e - 36 sling bullets
 k - 21 arrows
Armour
 a - a +0 robe (worn)
Scrolls
 b - 2 scrolls of identify {unknown}
 f - a scroll of torment {unknown}
 g - 2 scrolls of enchant weapon {unknown}
 h - 2 scrolls of amnesia {unknown}
Potions
 i - a potion of magic {unknown}
 j - a potion of resistance {unknown}


   Skills:
 + Level 3.0 Dodging
 + Level 2.7 Stealth
 + Level 2.6 Spellcasting
 + Level 2.8 Conjurations
 + Level 4.6 Air Magic


You had 7 spell levels left.
You knew the following spells:

 Your Spells              Type           Power      Damage    Failure   Level
a - Shock                 Conj/Air       56%        1d6       4%          1

Your spell library contained the following spells:

 Spells                   Type           Power      Damage    Failure   Level
 Static Discharge         Conj/Air       14%        N/A       6%          2
 Swiftness                Air            18%        N/A       8%          3
 Poisonous Vapours        Pois/Air       20%        N/A       11%         2
 Sting                    Tmut/Pois      8%         1d3       19%         1
 Airstrike                Air            9%         N/A       26%         4
 Olgreb's Toxic Radiance  Pois           2%         N/A       88%         4


Dungeon Overview and Level Annotations

Branches:
Dungeon (3/15)

Altars:

Annotations:
D:2 Robin, Sigmund
D:3 2 transporters


Innate Abilities, Weirdness & Mutations

You have a beak for a mouth.
You have claws for feet.


Message History

Sigmund is lightly wounded.
Sigmund shouts!
You hear a shout! x2
Sigmund gestures at you while chanting.
You are confused.
You're too confused to cast spells.
Unknown command.
You're too confused to cast spells.
Unknown command.
You're too confused to cast spells.
Unknown command.
Unknown command.
You're too confused to cast spells.
Unknown command.
Unknown command.
You bump into the rock wall.
You feel less confused.
Sigmund mumbles some strange words.
Sigmund flickers and vanishes!
Deactivating autopickup; reactivate with Ctrl-A.
You are confused.
You bump into the rock wall.
A magic dart appears from out of thin air!
The magic dart hits you!
You bump into the rock wall.
You feel less confused.
You hear some strange, mumbled words.
You are confused.
Something barely misses you.
You bump into the rock wall.
Something hits you!
Ouch! That really hurt!
* * * LOW HITPOINT WARNING * * *
You feel less confused.
You hear some strange, mumbled words.
Something tries to affect you, but you resist.
Something hits you.
* * * LOW HITPOINT WARNING * * *
A magic dart appears from out of thin air!
The magic dart hits you!
You die...

.###..#### ..# .#.##....# 8.#
##..####.## #########.#
#.....#..### #..##...#.#
#.###......### #..#..##..#
#.#####......###....###†## #
#..# ####........### #.# ###.
##.# ###...)÷..####.## #..
###.##### #.{...@.........####.#
.##.#...###.#####..####......#.#
..#......#..# #..# ###..#..<##
#.#........## #..# ##.##....
#.........## #..# ##.....#.
##........# #..# #.....#...
##......## ##..# #.###...)#
##.....## #...#####.# #.....
#.......## ##.........# #.###)


There were no monsters in sight!

Vanquished Creatures
  2 adders (D:2)
  A worm (D:3)
  2 dart slugs (D:1)
  3 endoplasms
  11 goblins
  9 hobgoblins
  6 jackals (D:1)
  6 kobolds
  2 quokkas
  6 ball pythons
  5 bats
  4 frilled lizards
  7 rats
64 creatures vanquished.

Notes
Turn   | Place    | Note
-------+----------+-------------------------------------------
     0 | D:1      | Descartes the Tengu Air Elementalist began the quest for
                  | the Orb.
     0 | D:1      | Reached XP level 1. HP: 10/10 MP: 4/4
   255 | D:1      | Reached XP level 2. HP: 15/15 MP: 3/6
   790 | D:1      | Reached XP level 3. HP: 16/19 MP: 1/7
  1397 | D:2      | Noticed Robin
  1759 | D:2      | You fall into a shaft and drop 1 floor!
  1908 | D:3      | Noticed a kobold demonologist
  1911 | D:3      | Found a transporter.
  1984 | D:3      | Reached XP level 4. HP: 16/24 MP: 1/8
  2203 | D:3      | Found a transporter.
  3272 | D:2      | Noticed Sigmund
  3313 | D:2      | Killed from afar by Sigmund

Illustrated notes

Levels and vault maps discovered:
D:1:      doesnt_arrival_eight_statues, layout_rooms, minmay_cut_off
D:2:      layout_rooms, shapermc_ecumenical_altar_petra, uniq_robin,
          uniq_sigmund
D:3:      gammafunk_wand_slinger, layout_basic, grunt_ministairs_15,
          minmay_misc_feat_roman

Skill      XL: |  1  2  3  4 |
---------------+-------------+-----
Conjurations   | 2 |  2.8
Dodging        | 3 |  3.0
Stealth        | |  2.7
Spellcasting   | |  2.6
Air Magic      | |  4.6

Action                   |  1- 3 |  4- 6 || total
-------------------------+-------+-------++-------
Melee: Unarmed           |    16 |     4 ||    20
       Kick              |     5 |       ||     5
       Peck              |     1 |     1 ||     2
 Cast: Shock             |    84 |    48 ||   132
Armor: Robe              |     8 |     2 ||    10
Dodge: Dodged            |    37 |     8 ||    45
